 Dungeon Crawl Stone Soup version 0.31.0-11-ge490571c62 (webtiles) character file.

Game seed: 3586413651224584603

64 qw the Shooter (level 3, -4/18 HPs)
             Began as a Spriggan Hunter on Feb 4, 2024.
             Killed from afar by an orc wizard (9 damage)
             ... with a puff of flame
             ... on level 3 of the Dungeon.
             The game lasted 00:00:08 (1649 turns).

qw the Shooter (Spriggan Hunter)                    Turns: 1649, Time: 00:00:08

Health: -4/18      AC:  2    Str: 13    XL:     3   Next: 91%
Magic:  4/4        EV: 19    Int: 10    God:
Gold:   86         SH:  0    Dex: 20    Spells: 2/2 levels left

rFire   . . .        a - +1 shortbow
rCold   . . .        (shield currently unavailable)
rNeg    . . .        c - +0 robe
rPois   .            (helmet restricted)
rElec   .            (no cloak)
rCorr   .            (gloves unavailable)
SInv    +            (boots unavailable)
Will    .....        (no amulet)
Stlth   ++           d - +6 ring of strength
HPRegen 0.23/turn    (no ring)
MPRegen 0.09/turn

%: no passive effects
@: lethally poisoned (-4 -> -9), very quick
A: very small, no large weapons, unfitting armour, see invisible, speed 3
a: no special abilities


You were on level 3 of the Dungeon.
You visited 1 branch of the dungeon, and saw 3 of its levels.

You collected 86 gold pieces.


Innate Abilities, Weirdness & Mutations

You are very small and have problems with some larger weapons.
You are too small for most types of armour.
You have supernaturally acute eyesight. (SInv)
You cover ground extremely quickly. (Speed+++)


   Skills:
 - Level 1.5 Fighting
 - Level 5.0 Ranged Weapons
 + Level 4.1 Dodging
 - Level 1.5 Stealth


You had 2 spell levels left.
You didn't know any spells.
Your spell library was empty.

Inventory:

Hand Weapons
 a - a +1 shortbow (weapon)
Armour
 c - a +0 robe (worn)
Jewellery
 d - a +6 ring of strength (left hand)
Scrolls
 b - a scroll of identify
Potions
 g - a potion of curing
 h - 2 potions of mutation

Dungeon Overview and Level Annotations

Branches:
Dungeon (3/15)

Altars:

Annotations:
D:2 1 runed translucent door, Crazy Yiuf


Message History

You shoot an arrow. The arrow hits the orc.
The orc is lightly wounded.
You shoot an arrow. The arrow hits the orc!
You kill the orc!
You shoot an arrow. The arrow hits the orc wizard.
The orc wizard is moderately wounded.
The orc completely misses you.
The orc wizard hits you with a +1 dagger of venom.
You are lethally poisoned!
You shoot an arrow.
The arrow hits the orc wizard but does no damage.
The orc wizard is moderately wounded.
You feel very sick. The orc wizard completely misses you.
The orc barely misses you.
You shoot an arrow. The arrow misses the orc wizard.
You feel sick. The orc wizard completely misses you.
The orc hits you with a +0 flail.
1646 ||| DRINKING potion of heal wounds.
You feel much better.
You feel sick.
The orc wizard hits you with a +1 dagger of venom.
You are more poisoned.
The orc completely misses you. x2
You shoot an arrow. The arrow misses the orc wizard.
You feel very sick. The orc wizard misses you.
The orc hits you with a +0 short sword. The orc misses you.
You shoot an arrow.
The arrow closely misses the orc wizard.
You feel sick. The orc completely misses you. The orc misses you.
The orc wizard gestures at you while chanting.
The puff of flame misses you. The orc barely misses you. The orc misses you.
The orc wizard misses you.
You shoot an arrow. The arrow hits the orc wizard!
The orc wizard is almost dead.
You feel sick. The orc barely misses you. The orc completely misses you.
The orc wizard points at you and mumbles some strange words.
The puff of flame hits you!
Ouch! That really hurt!
You die...

#..... ##.....
#..../.
#......
.......
......%#######
......oo.....#
#...o@.....#
#..###......#
#....<.#
#......#
########


You could see an orc wizard (invisible) and 2 orcs.

Vanquished Creatures
  An adder (D:3)
  A dart slug (D:2)
  2 orcs (D:3)
  5 bats
  3 endoplasms (D:1)
  2 giant cockroaches
  5 goblins
  5 hobgoblins
  5 jackals (D:1)
  3 kobolds
  A quokka (D:1)
  6 ball pythons
  5 frilled lizards
  3 rats
47 creatures vanquished.

Notes
Turn   | Place    | Note
-------+----------+-------------------------------------------
     0 | D:1      | qw the Spriggan Hunter began the quest for the Orb.
     0 | D:1      | Reached XP level 1. HP: 10/10 MP: 2/2
     0 | D:1      | 0 ||| qw: Version: 0.3-a-160-g6735b56
     0 | D:1      | 0 ||| qw: Game counter: 6024
     0 | D:1      | 0 ||| qw: Melee chars always use a shield: true
     0 | D:1      | 0 ||| qw: God list: Okawaru
     0 | D:1      | 0 ||| qw: Allow faded altars: false
     0 | D:1      | 0 ||| qw: Do Orc after clearing Dungeon:15 true
     0 | D:1      | 0 ||| qw: Do second Lair branch before Depths: true
     0 | D:1      | 0 ||| qw: Lair rune preference: random
     0 | D:1      | 0 ||| qw: Goals: Normal
     0 | D:1      | 0 ||| PLANNING D:1-11
    87 | D:1      | Reached skill level 3 in Dodging
   147 | D:1      | Reached XP level 2. HP: 14/14 MP: 3/3
   701 | D:1      | Reached XP level 3. HP: 18/18 MP: 4/4
   861 | D:1      | 861 ||| UPGRADING to +6 ring of strength.
   862 | D:1      | 862 ||| READING scroll labelled BOFIM ZUYLLUB.
   895 | D:1      | 895 ||| READING scroll labelled CAIRHA ELAU.
   899 | D:1      | 899 ||| READING scroll labelled ASHATUEGAS.
   899 | D:1      | 899 ||| ENCHANTING +0 shortbow.
   900 | D:1      | 900 ||| READING scroll labelled ROETAE YMMA.
   900 | D:1      | 900 ||| IDENTIFYING glowing black potion
   901 | D:1      | 901 ||| DRINKING 2 orange potions.
   902 | D:1      | 902 ||| DROPPING scroll of butterflies.
  1219 | D:2      | Found a runed translucent door.
  1220 | D:2      | Noticed Crazy Yiuf
  1388 | D:2      | 1388 ||| FLEEEEING.
  1610 | D:2      | 1610 ||| READING 4 scrolls of identify.
  1610 | D:2      | 1610 ||| IDENTIFYING 2 lumpy dark potions
  1611 | D:2      | 1611 ||| READING 3 scrolls of identify.
  1611 | D:2      | 1611 ||| IDENTIFYING scroll labelled KIULOL FIURA
  1612 | D:2      | 1612 ||| READING 2 scrolls of identify.
  1612 | D:2      | 1612 ||| IDENTIFYING scroll labelled PYFEQE YXEUJOT
  1613 | D:2      | 1613 ||| READING scroll of enchant weapon.
  1613 | D:2      | 1613 ||| ENCHANTING +0 shortbow.
  1614 | D:2      | 1614 ||| DROPPING scroll of blinking.
  1637 | D:3      | Reached skill level 5 in Ranged Weapons
  1645 | D:3      | HP: 1/18 [orc/+0 flail (4)]
  1646 | D:3      | 1646 ||| DRINKING potion of heal wounds.
  1649 | D:3      | Killed from afar by an orc wizard

Levels and vault maps discovered:
D:1:      dpeg_arrival_court, layout_basic, minmay_misc_feat_x,
          minmay_pentomino_u4
D:2:      layout_basic, uniq_crazy_yiuf_cottage
D:3:      layout_rooms, shapermc_ecumenical_altar_gd

Skill      XL: |  1  2  3 |
---------------+----------+-----
Dodging        | 3 4 |  4.1
Ranged Weapons | 5 |  5.0
Fighting       | |  1.5
Stealth        | |  1.5

Action                     || total
---------------------------++-------
   Fire: Shortbow          ||   117
    Use: Scroll            ||     8
         Potion            ||     2
 Armour: Robe              ||    13
  Dodge: Dodged            ||    37

Table legend:
 A = Non-vault XP
 B = Vault XP
 C = Vault XP percentage of total XP
 D = Non-vault monster count
 E = Vault monster count
 F = Vault count percentage of total count
                 A         B        C        D         E       F
            +---------+---------+-------+---------+---------+-------
      Total |      86 |       6 |   6.5 |      43 |       4 |   8.5
            +---------+---------+-------+---------+---------+-------
        D:1 |      37 |       6 |  14.0 |      23 |       4 |  14.8
        D:2 |      28 |       0 |   0.0 |      16 |       0 |   0.0
        D:3 |      21 |       0 |   0.0 |       4 |       0 |   0.0
            +---------+---------+-------+---------+---------+-------
